AoeStats
← 76896859

Nomad

505318942Analyzed
2v2 RM · 23d ago on Sep 8, 2026· 21m 48s· 4 players
Game mode
Random Map
Map size
176×176
Population
200
Speed
Normal
Resources
Standard
Victory
Conquest
Starting age
Dark Age
Ending age
Imperial Age
RankedLock teamsTeams togetherTeam positionsShared explorationLock speedFull tech treeHidden civsTurbo modeCheats
Victory
Defeat
🇨🇳 Huns · China
979
+16
🇨🇳 Persians · China
967
+17
🇵🇰 Inca · Pakistan
1124
-45
🇮🇳 Huns · India
842
-11
Steven
6:43 Loom
6:57 Loom
14:47 Feudal Age
15:01 Fishing Lines
16:00 Wheelbarrow
15:12 Double-Bit Axe
18:16 Gold Mining
21:32 Castle Age
20:05 Scale Barding Armor
22:12 Bow Saw
22:26 Bloodlines
76896859
6:39 Loom
14:55 Feudal Age
20:25 Castle Age
19:15 Double-Bit Axe
19:15 Horse Collar
20:07 Bloodlines
19:55 Gold Mining
20:29 Scale Barding Armor
22:16 Gold Shaft Mining
21:55 Bow Saw
21:51 Heavy Plow
MUQofficial
Archon of Abyss
8:58 Loom
14:01 Feudal Age
Connection lost

Rejoining the realm…

Still unreachable

The connection could not be restored.

Session expired

The server has moved on; the page needs a fresh start.